 Dungeon Crawl Stone Soup version 0.16-a0-3253-g5709529 (webtiles) character file.

138231 KaKa the Imperceptible (level 16, -13/122 HPs)
             Began as a Vampire Enchanter on Dec 20, 2014.
             Was the Champion of Dithmenos.
             Mangled by an emperor scorpion (27 damage)
             ... on level 5 of the Spider Nest on Dec 23, 2014.
             The game lasted 04:45:42 (35370 turns).

KaKa the Imperceptible (Vampire Enchanter)         Turns: 35370, Time: 04:45:43

Health: -13/122    AC:  0    Str:  2    XL:     16   Next: 70%
Magic:  8/29       EV: 38    Int: 18    God:    Dithmenos [******]
Gold:   4014       SH:  0    Dex: 23    Spells: 10 memorised, 0 levels left

rFire  . . .     SeeInvis +     a - melded +2 short sword (elec)
rCold  + + .     Clarity  .     j - melded +0 robe "Smybaor" {Slay+3}
rNeg   + + +     SustAb   .     V - melded +2 buckler {rPois}
rPois  ∞         Gourm    .     Q - melded +1 helmet
rElec  .         Spirit   .     v - melded +0 cloak
rCorr  .         Warding  .     W - melded +0 pair of gloves
rMut   .         Stasis   .     J - melded +1 pair of boots
MR     +....                    (no amulet)
Stlth  ++++++++++               O - melded ring of wizardry
                                Z - melded ring of protection from magic

@: bat-form, flying, bloodless, non-regenerating, wreathed by umbra, very quick,
somewhat resistant to hostile enchantments, uncannily stealthy
A: bottle blood, (fangs 0), see invisible, wild magic 1, (unbreathing)
a: End Transformation, Shadow Step, Shadow Form, Renounce Religion


You were on level 5 of the Spider Nest.
You worshipped Dithmenos.
Dithmenos was exalted by your worship.
You were bloodless.
You were in vampire-bat-form.
You visited 5 branches of the dungeon, and saw 30 of its levels.
You also visited: Bailey.

You collected 4288 gold pieces.
You spent 274 gold pieces at shops.

Inventory:

Hand weapons
 a - a +2 short sword of electrocution (melded)
 b - a +2 vampiric dagger
Missiles
 m - 2 throwing nets (quivered)
Armour
 j - the +0 robe "Smybaor" (melded) {Slay+3}
   (You found it on level 2 of the Spider Nest)

   It affects your accuracy and damage with ranged weapons and melee attacks
   (+3).
 v - a +0 cloak (melded)
 I - a +2 robe of resistance
 J - a +1 pair of boots (melded)
 Q - a +1 helmet (melded)
 V - a +2 buckler of poison resistance (melded)
 W - a +0 pair of gloves (melded)
Jewellery
 q - the amulet of Cekugob {Ward -Tele rElec rPois rN++ AC+1 EV+1}
   (You found it on level 3 of the Lair of Beasts)

   [amulet of warding]

   It may prevent the melee attacks of summoned creatures.
   It affects your AC (+1).
   It affects your evasion (+1).
   It insulates you from electricity.
   It protects you from poison.
   It greatly protects you from negative energy.
   It prevents most forms of teleportation.
 H - the ring of the Gloaming {+/*Tele Str+4 Int+3}
   (You found it on level 3 of the Spider Nest)

   [ring of teleportation]

   It causes random teleportation, and can be evoked to teleport at will.
   It affects your strength (+4).
   It affects your intelligence (+3).
 O - a ring of wizardry (melded)
 Z - a ring of protection from magic (melded)
Magical devices
 l - a wand of draining (7)
 o - a wand of cold (6)
 D - a wand of teleportation (5)
 G - a wand of cold (5)
Scrolls
 d - a scroll of torment
 e - 3 scrolls of recharging
 g - 5 scrolls of enchant weapon
 k - 2 scrolls of amnesia
 n - 5 scrolls of remove curse
 r - a scroll of fog
 t - 8 scrolls of teleportation
 y - 6 scrolls of enchant armour
 L - 8 scrolls of magic mapping
 N - a scroll of brand weapon
 T - 9 scrolls of identify
Potions
 h - a potion of cancellation
 i - 5 potions of might
 p - 7 potions of haste
 s - 2 potions of cure mutation
 u - 3 potions of restore abilities
 x - 3 potions of invisibility
 A - 2 potions of magic
 C - 14 potions of curing
 E - 8 potions of brilliance
 K - a potion of resistance
 P - 6 potions of blood
 R - a potion of flight
 S - 4 potions of agility
 Y - a potion of heal wounds
Miscellaneous
 c - a lantern of shadows


   Skills:
 - Level 10.0 Fighting
 - Level 12.0 Short Blades
 - Level 2.4 Throwing
 + Level 4.2 Armour
 - Level 15.0 Dodging
 - Level 22.0 Stealth
 - Level 5.0 Shields
 - Level 6.1 Spellcasting
 - Level 13.6 Hexes
 - Level 8.0 Charms
 - Level 3.3 Ice Magic
 - Level 4.4 Invocations


You couldn't memorise any spells.
You knew the following spells:

 Your Spells              Type           Power        Failure   Level  Hunger
b - Repel Missiles        Chrm/Air       ####..       22%         2    None
c - Dazzling Spray        Conj/Hex       #####...     19%         3    ##.....
d - Cause Fear            Hex            ######....   9%          4    ####...
e - Sure Blade            Hex/Chrm       ######....   7%          2    None
f - Blink                 Tloc           N/A          52%         2    None
g - Swiftness             Chrm/Air       ####....     22%         2    None
q - Confuse               Hex            ######..     5%          3    ##.....
r - Enslavement           Hex            ######..     9%          4    ####...
u - Flight                Chrm/Air       ####......   38%         3    ##.....
w - Ensorcelled Hibernat  Hex/Ice        ######       9%          2    None


Dungeon Overview and Level Annotations

Branches:
Dungeon (12/15)            Temple (0/1) D:5            Lair (8/8) D:9
  Swamp (0/5) Lair:6       Spider (5/5) Lair:6        Slime (0/6) Lair:6
    Orc (4/4) D:12            Elf (1/3) Orc:4

Altars:
Dithmenos
Kikubaaqudgha
Ru
Trog
Vehumet
Xom
Beogh
Jiyva

Shops:
Orc:1 }   Orc:2 ?   Orc:4 ?[[(


Innate Abilities, Weirdness & Mutations

You do not heal naturally.
You can bottle blood from corpses.
((You have razor-sharp teeth.))
You have supernaturally acute eyesight.
((You can survive without breathing.))
Your spells are a little harder to cast, but a little more powerful.


Message History

The emperor scorpion misses you. The emperor scorpion claws you.
You found a web!
Use which ability? (? or * to list)
You turn into a vampire bat.
Your +2 short sword of electrocution melds into your body.
Your +0 cloak melds into your body.
Your +1 helmet melds into your body.
Your +0 pair of gloves melds into your body.
Your +1 pair of boots melds into your body.
Your +2 buckler of poison resistance melds into your body.
The +0 robe "Smybaor" {Slay+3} melds into your body.
Your ring of protection from magic melds into your body.
Your ring of wizardry melds into your body.
Your +2 short sword of electrocution stops crackling.
The emperor scorpion stings you!
* * * LOW HITPOINT WARNING * * *
The emperor scorpion completely misses you.
The emperor scorpion claws you!
* * * LOW HITPOINT WARNING * * *
The emperor scorpion stings you!!
You die...

#### ########
###..####...^..## ##
##.#^.#.##^..#.#^####
#.##<..#..#.##.^bs.# #^## ###
...##..^..#.....#..###.†##..#
.#^....#..........#^...^#.^.#
....##....#...#..^#^.#^.#...##
#...s...#...^#..........#....#
##^...#...#...#^##....##.....#
#..s...#.#..#.#...##^......^#
#.#<...^#..^^†#.#.....#.^..##
##^##..#.#.^......#..#...#.###


You could see an emperor scorpion.

Vanquished Creatures
  Aizul (Spider:1)
  A ghost moth (Spider:4)
  2 emperor scorpions
  An orc warlord (Orc:4)
  2 deep elf demonologists (Elf:1)
  Azrael (Spider:1)
  Snorg (Orc:1)
  Fannar (Orc:3)
  6 hydras
  Erica (D:10)
  10 death yaks
  2 orc high priests
  4 deep elf knights (Elf:1)
  2 unseen horrors (D:11)
  Erolcha (Orc:4)
  6 deep elf summoners (Elf:1)
  4 hill giants
  14 orb spiders
  A necromancer (Elf:1)
  4 deep elf conjurers (Elf:1)
  3 orc sorcerers
  2 orc knights
  2 cyclopes (D:12)
  24 wolf spiders
  An ugly thing (D:12)
  4 black mambas
  A centaur zombie (D:12)
  A manticore (D:10)
  The ghost of MrRokkomies the Skirmisher, an experienced DrWr (D:4)
  Joseph (D:9)
  5 elephants (Lair:3)
  8 red wasps
  3 moths of wrath
  2 torpor snails
  Psyche (D:9)
  A queen ant (Spider:2)
  A centaur skeleton (D:12)
  11 komodo dragons
  25 spiny frogs
  6 demonic crawlers
  31 jumping spiders
  2 trolls
  5 fire drakes
  4 two-headed ogres
  3 giant leeches (Lair:8)
  6 deep elf priests
  A red devil (D:11)
  A boulder beetle (Spider:2)
  A basilisk (Lair:3)
  4 fire elementals (Spider:1)
  22 blink frogs
  53 redbacks
  23 trapdoor spiders
  A water elemental (D:11)
  3 spriggans (Lair:5)
  25 tarantellas
  2 wyverns (Lair:7)
  4 orc zombies
  A wraith (D:11)
  7 deep elf magi
  42 yaks
  7 hippogriffs
  A human (D:7)
  A hungry ghost (D:8)
  4 vampire mosquitoes
  6 deep elf fighters (Elf:1)
  2 wargs
  10 water moccasins
  7 soldier ants (Spider:2)
  10 wolves
  4 hell hounds (Spider:1)
  14 porcupines
  4 ice beasts
  4 black bears
  20 spiders
  7 phantoms
  A sky beast (D:10)
  A necrophage (D:11)
  A yellow wasp (Spider:2)
  35 orc warriors
  10 centaurs
  4 boring beetles
  4 ogres
  17 crocodiles
  A brain worm (Lair:6)
  Blork the orc (D:4)
  An elf zombie (Elf:1)
  A big kobold (D:10)
  30 giant frogs
  2 wyvern skeletons
  10 scorpions
  7 wights (D:6)
  20 killer bees
  6 electric eels
  4 crimson imps
  A water moccasin simulacrum (D:10)
  2 giant frog zombies
  2 goliath beetles
  A giant frog skeleton (D:9)
  2 jellies
  25 orc priests
  12 iguanas
  22 orc wizards
  23 worker ants
  23 hounds
  25 sheep
  Ijyb (D:2)
  A hound zombie (D:10)
  2 hound skeletons
  A mummy (D:10)
  25 adders
  19 gnolls
  49 river rats
  A giant mite (D:7)
  3 worms (D:3)
  An adder zombie (D:9)
  An ooze (D:2)
  150 orcs
  2 ball pythons
  8 giant cockroaches
  19 hobgoblins
  3 jackals (D:3)
  23 bats
  7 giant geckos
  5 giant newts
  30 goblins
  36 kobolds
  12 quokkas
  16 rats
  A ballistomycete (D:12)
  2 crawling corpses (Elf:1)
  A fungus (Elf:1)
1223 creatures vanquished.

Vanquished Creatures (collateral kills)
  A blink frog (Lair:5)
  A yak (D:11)
2 creatures vanquished.

Vanquished Creatures (others)
  Josephine (D:10)
  An elephant (Lair:3)
  4 yaks
  A centaur skeleton (D:10)
  A centaur simulacrum (D:10)
  An orc (D:10)
  A giant spore (D:12)
  10 fungi
  5 plants (Lair:8)
25 creatures vanquished.

Grand Total: 1250 creatures vanquished

Notes
Turn   | Place    | Note
--------------------------------------------------------------
     0 | D:1      | KaKa, the Vampire Enchanter, began the quest for the Orb.
     0 | D:1      | Reached XP level 1. HP: 13/13 MP: 3/3
   593 | D:1      | Reached XP level 2. HP: 16/19 MP: 3/5
   598 | D:1      | Learned a level 2 spell: Ensorcelled Hibernation
   871 | D:1      | Reached skill level 5 in Hexes
  1555 | D:2      | Reached XP level 3. HP: 13/24 MP: 2/6
  1746 | D:2      | Reached skill level 1 in Ice Magic
  2131 | D:2      | Found a shadowy altar of Dithmenos.
  2146 | D:2      | Became a worshipper of Dithmenos the Shadowed
  2156 | D:2      | Noticed Ijyb
  2179 | D:2      | Killed Ijyb
  2179 | D:2      | Reached XP level 4. HP: 21/30 MP: 5/8
  2402 | D:2      | Reached skill level 6 in Hexes
  2407 | D:2      | Learned a level 3 spell: Confuse
  2634 | D:3      | Reached XP level 5. HP: 35/35 MP: 4/9
  2980 | D:3      | Found a sacrificial altar of Ru.
  3040 | D:3      | Noticed an orc warrior
  3332 | D:3      | Reached skill level 5 in Stealth
  4000 | D:4      | Reached XP level 6. HP: 41/41 MP: 6/11
  4118 | D:4      | Noticed a phantom
  4150 | D:4      | Killed a phantom
  4802 | D:4      | Noticed Blork the orc
  4809 | D:4      | Killed Blork the orc
  4809 | D:4      | Reached skill level 7 in Stealth
  4823 | D:4      | Noticed MrRokkomies' ghost (experienced DrWr)
  4842 | D:4      | Acquired Dithmenos' first power
  4985 | D:4      | Reached XP level 7. HP: 46/46 MP: 12/12
  5036 | D:4      | Killed MrRokkomies' ghost
  5036 | D:4      | Reached skill level 5 in Short Blades
  5036 | D:4      | Reached skill level 8 in Stealth
  5042 | D:4      | Learned a level 4 spell: Enslavement
  5128 | D:5      | Entered Level 5 of the Dungeon
  5281 | D:5      | Reached XP level 8. HP: 52/52 MP: 14/14
  5329 | D:5      | Reached skill level 9 in Hexes
  5469 | D:5      | Reached skill level 10 in Hexes
  5935 | D:5      | Found a staircase to the Ecumenical Temple.
  6033 | D:6      | Found an ancient bone altar of Kikubaaqudgha.
  6071 | D:6      | Reached skill level 5 in Dodging
  6100 | D:6      | Reached XP level 9. HP: 52/57 MP: 10/15
  6457 | D:6      | Found a bloodstained altar of Trog.
  6530 | D:6      | Reached skill level 10 in Stealth
  6753 | D:6      | Acquired Dithmenos' second power
  7665 | D:7      | Reached skill level 1 in Shields
  7704 | D:7      | Got a distressingly furry cloak
  7723 | D:7      | Identified the cursed -5 cloak "Mnitaj" {rC++ Str+3 Int+1 Slay-5 Stlth++} (You found it on level 7 of the Dungeon)
  8327 | D:8      | Reached XP level 10. HP: 54/63 MP: 9/17
  8409 | D:8      | Reached skill level 5 in Shields
  8452 | D:8      | Acquired Dithmenos' third power
  8547 | D:8      | Found a shimmering altar of Xom.
  8626 | D:8      | Reached skill level 11 in Stealth
  9443 | D:9      | Noticed Psyche
  9454 | D:9      | Killed Psyche
  9497 | D:9      | Found a staircase to the Lair.
  9583 | D:9      | Reached skill level 12 in Stealth
 10123 | D:9      | Noticed Joseph
 10126 | D:9      | Killed Joseph
 10382 | Lair:1   | Entered Level 1 of the Lair of Beasts
 10451 | Lair:1   | Noticed a black mamba
 10457 | Lair:1   | Killed a black mamba
 10617 | Lair:1   | Reached XP level 11. HP: 68/68 MP: 18/18
 10644 | Lair:1   | Learned a level 2 spell: Repel Missiles
 11305 | Lair:2   | Reached skill level 10 in Short Blades
 11338 | Lair:2   | Identified the Papyrus of Clay
 11503 | Lair:2   | Noticed a seven-headed hydra
 11508 | Lair:2   | Killed a seven-headed hydra
 11508 | Lair:2   | Reached skill level 10 in Dodging
 11540 | Lair:2   | Reached skill level 1 in Fighting
 11540 | Lair:2   | Reached skill level 13 in Stealth
 12003 | Lair:2   | Learned a level 3 spell: Flight
 12005 | Lair:2   | Noticed a lindwurm
 12012 | Lair:2   | Noticed a lindwurm
 12013 | Lair:2   | Noticed a lindwurm
 12015 | Lair:2   | Noticed a lindwurm
 12428 | Lair:3   | Noticed a five-headed hydra
 12431 | Lair:3   | Killed a five-headed hydra
 12475 | Lair:3   | Acquired Dithmenos' fourth power
 12785 | Lair:3   | Reached skill level 14 in Stealth
 12785 | Lair:3   | Reached XP level 12. HP: 44/84 MP: 5/19
 13021 | Lair:4   | Reached skill level 5 in Fighting
 14033 | Lair:5   | Upgraded the game from 0.16-a0-3215-g5dfac0e to 0.16-a0-3253-g5709529
 14199 | Lair:5   | Noticed a seven-headed hydra
 14202 | Lair:5   | Killed a seven-headed hydra
 14505 | Lair:5   | Reached skill level 15 in Stealth
 14977 | Lair:6   | Found a staircase to the Swamp.
 15165 | Lair:6   | Found a hole to the Spider Nest.
 15456 | Lair:6   | Found a viscous altar of Jiyva.
 15456 | Lair:6   | Found a staircase to the Slime Pits.
 15517 | Lair:6   | Got a steaming flail
 15518 | Lair:6   | Identified the cursed -1 flail "Jocorgh" {freeze, rPois rF+ MR+ Int+4 Dex+2} (You found it on level 6 of the Lair of Beasts)
 16378 | Lair:7   | Noticed a six-headed hydra
 16382 | Lair:7   | Killed a six-headed hydra
 16576 | Lair:7   | Reached XP level 13. HP: 56/98 MP: 20/20
 16709 | Lair:7   | Learned a level 3 spell: Dazzling Spray
 17726 | Lair:8   | Entered Level 8 of the Lair of Beasts
 18532 | Lair:8   | Reached skill level 15 in Dodging
 19481 | Lair:8   | Reached skill level 10 in Fighting
 20195 | Lair:8   | Reached skill level 1 in Throwing
 20195 | Lair:8   | Reached XP level 14. HP: 89/110 MP: 18/25
 20409 | Lair:8   | Reached skill level 1 in Invocations
 20789 | D:10     | Entered Level 10 of the Dungeon
 20857 | D:10     | Noticed Erica
 20859 | D:10     | Killed Erica
 20940 | D:10     | Learned a level 4 spell: Cause Fear
 20943 | D:10     | Learned a level 2 spell: Sure Blade
 21016 | D:10     | Noticed Josephine
 21253 | D:10     | Killed Josephine
 22579 | D:11     | Found an ancient bone altar of Kikubaaqudgha.
 22585 | D:11     | Got a pitted brass amulet
 22590 | D:11     | Reached skill level 16 in Stealth
 22759 | D:12     | Found a flagged portal.
 22778 | Bailey   | Entered a bailey
 22960 | Bailey   | Got a dazzling dagger
 22961 | Bailey   | Identified the cursed amulet "Orem" {+Rage rF+ Slay-3 Curse} (You found it on level 11 of the Dungeon)
 22966 | Bailey   | Identified the cursed +2 dagger "Ghiug" {freeze, +Blink +Rage rF+} (You took it off a kobold in a bailey)
 23029 | Bailey   | Reached skill level 5 in Spellcasting
 23345 | D:12     | Found a staircase to the Orcish Mines.
 23396 | D:12     | Gained mutation: Your spells are a little harder to cast, but a little more powerful. [potion of beneficial mutation]
 24045 | Orc:1    | Entered Level 1 of the Orcish Mines
 24124 | Orc:1    | Found Mnishuocoa's Gadget Shop.
 24155 | Orc:1    | Noticed Snorg
 24169 | Orc:1    | Killed Snorg
 24314 | Orc:1    | Reached skill level 17 in Stealth
 24557 | Orc:2    | Found Maonular's Magic Scroll Shop.
 25380 | Orc:3    | Noticed Fannar
 25408 | Orc:3    | Killed Fannar
 25688 | Orc:4    | Entered Level 4 of the Orcish Mines
 25767 | Orc:4    | Found a roughly hewn altar of Beogh.
 25767 | Orc:4    | Found Momifuos' Magic Scroll Shoppe.
 25841 | Orc:4    | Found a roughly hewn altar of Beogh.
 25898 | Orc:4    | Found a roughly hewn altar of Beogh.
 25898 | Orc:4    | Found Gueblaff's Antique Armour Shop.
 25957 | Orc:4    | Bought a pair of glowing boots for 126 gold pieces
 25997 | Orc:4    | Noticed Erolcha
 26002 | Orc:4    | Killed Erolcha
 26002 | Orc:4    | Reached skill level 1 in Charms
 26012 | Orc:4    | Found a staircase to the Elven Halls.
 26234 | Orc:4    | Noticed an orc warlord
 26264 | Orc:4    | Killed an orc warlord
 26390 | Orc:4    | Found a roughly hewn altar of Beogh.
 26390 | Orc:4    | Found Smuiguer's Antique Armour Shop.
 26395 | Orc:4    | Found Ranul's Antique Weapon Boutique.
 26407 | Orc:4    | Bought a glowing helmet for 148 gold pieces
 26600 | Orc:4    | Found a roughly hewn altar of Beogh.
 26869 | Orc:4    | Found a shimmering altar of Xom.
 26919 | Orc:4    | Found a roughly hewn altar of Beogh.
 27074 | Orc:4    | Reached skill level 5 in Charms
 27081 | Elf:1    | Entered Level 1 of the Elven Halls
 27122 | Elf:1    | Found a radiant altar of Vehumet.
 27175 | Elf:1    | Reached XP level 15. HP: 115/115 MP: 6/28
 27980 | Elf:1    | Noticed a Brimstone Fiend
 28306 | Elf:1    | Noticed an Executioner
 28339 | Elf:1    | Reached skill level 18 in Stealth
 29165 | Spider:1 | Entered Level 1 of the Spider Nest
 29239 | Spider:1 | Noticed Azrael
 29249 | Spider:1 | Killed Azrael
 29259 | Spider:1 | Reached skill level 19 in Stealth
 29673 | Spider:1 | Noticed Aizul
 29675 | Spider:1 | Killed Aizul
 29775 | Spider:1 | Reached skill level 20 in Stealth
 30805 | Spider:2 | Reached skill level 21 in Stealth
 31530 | Spider:2 | Found a roughly hewn altar of Beogh.
 31714 | Spider:2 | Reached skill level 22 in Stealth
 31762 | Spider:2 | Got a silken robe
 31773 | Spider:2 | Identified the +0 robe "Smybaor" {Slay+3} (You found it on level 2 of the Spider Nest)
 31834 | Spider:2 | Reached XP level 16. HP: 89/122 MP: 17/29
 32508 | Spider:3 | Got a scorched iron ring
 32510 | Spider:3 | Identified the ring of the Gloaming {+/*Tele Str+4 Int+3} (You found it on level 3 of the Spider Nest)
 32815 | Spider:4 | Reached skill level 1 in Armour
 34129 | Lair:1   | Learned a level 3 spell: Flight
 34132 | Lair:1   | Learned a level 2 spell: Blink
 34135 | Lair:1   | Learned a level 2 spell: Swiftness
 34542 | Spider:5 | Entered Level 5 of the Spider Nest
 35370 | Spider:5 | Mangled by an emperor scorpion

Action                   |  1- 3 |  4- 6 |  7- 9 | 10-12 | 13-15 | 16-18 || total
-------------------------+-------+-------+-------+-------+-------+-------++-------
Melee: Dagger            |   114 |   122 |   248 |   509 |  1788 |   101 ||  2882
       Unarmed           |       |     5 |       |       |     5 |       ||    10
       Short sword       |       |       |       |       |       |   108 ||   108
 Fire: Blowgun           |       |       |    10 |    19 |     1 |       ||    30
Throw: Stone             |     4 |       |       |       |       |       ||     4
       Javelin           |       |     1 |       |       |       |       ||     1
       Throwing net      |       |       |       |       |     4 |     1 ||     5
       Tomahawk          |       |       |       |       |    21 |       ||    21
 Cast: Corona            |    12 |     2 |       |       |       |       ||    14
       Ensorcelled Hiber |    30 |    61 |    64 |   143 |   388 |    91 ||   777
       Confuse           |       |     9 |    28 |    15 |    44 |    11 ||   107
       Flight            |       |       |       |     1 |       |     1 ||     2
       Repel Missiles    |       |       |       |     1 |       |       ||     1
       Enslavement       |       |       |       |     5 |     9 |       ||    14
       Dazzling Spray    |       |       |       |       |    40 |       ||    40
       Sure Blade        |       |       |       |       |    35 |     5 ||    40
       Cause Fear        |       |       |       |       |     1 |     1 ||     2
Invok: Shadow Step       |       |       |       |     3 |     5 |     1 ||     9
 Abil: Bat Form          |       |     1 |     1 |     2 |     5 |     3 ||    12
       End Transformatio |       |     1 |     1 |     2 |     5 |     2 ||    11
Evoke: Wand              |       |       |       |       |     2 |       ||     2
       Phantom mirror    |       |       |       |       |       |     1 ||     1
  Use: Potion            |       |     2 |     1 |    11 |    11 |       ||    25
       Scroll            |       |       |    12 |    20 |    13 |     2 ||    47
 Stab: Sleeping          |    29 |    54 |    75 |   176 |   372 |   109 ||   815
       Distracted        |       |     1 |     1 |     3 |    13 |     4 ||    22
       Confused          |       |     1 |    22 |     4 |    21 |     6 ||    54
       Invisible         |       |       |       |     2 |    14 |       ||    16
       Betrayed ally     |       |       |       |     1 |       |       ||     1
       Held in net/web   |       |       |       |       |       |     1 ||     1
  Eat: Corpse            |     1 |       |     1 |     1 |    20 |       ||    23
